Selects Luftwaffe Battlegroup
Selects Luftwaffe Pioneer Support
Fallschirmpioneer Squad Paradrop
Construct Infanterie Kompanie
Fallschirmpioneer Squad Paradrop
Construct Panzergrenadier Kompanie
Fallschirmpioneer Squad Paradrop
Infanterie Officer Quarters
Pak 40 Anti-tank Gun Team
Selects Reconnaissance Run
Selects Fallschirmjäger Squad Paradrop
Fallschirmjäger Squad Paradrop
Selects Fragmentation Bombs
Selects Flak 38 Anti-Air Emplacement
Construct Panzer Kompanie
Fallschirmjäger Squad Paradrop
Selects Flak 36 Anti-tank Gun Emplacement
Panzergrenadier Officer Quarters